Map: [ESL] Site Delta

Players

Spirit - Winner!

  • Race: Terran Terran
  • Spawn Location: 5:00

ShaDoWn

  • Race: Protoss Protoss
  • Spawn Location: 11:00

Event: ESL SC2 Masters 2024 Spring (Regional)

VOD

Have the link to the VOD?

Description

Time

  • Played on: April 12, 2024, 12:07 p.m.
  • Length: 8:49

All games in this series

Show
View Real Time Build Order
Export as new Build Order

Spirit Terran - Winner!

Build Orders: Liberator Opening 

Get SALT Encoding   

  12  0:00  SCV  
  13  0:12  SCV  
  14  0:17  Supply Depot  
  14  0:25  SCV  
  15  0:38  SCV  
  15  0:40  Barracks  
  16  0:43  Refinery  
  16  0:50  SCV  
  17  1:02  SCV  
  18  1:14  SCV  
  19  1:26  Marine  
  19  1:27  Orbital Command  
  20  1:38  Command Center  
  20  1:50  Factory  
  20  1:53  SCV  
  21  2:03  Barracks Reactor  
  21  2:05  SCV, Supply Depot  
  22  2:09  Refinery  
  22  2:17  SCV  
  24  2:30  SCV  
  26  2:38  Widow Mine  
  26  2:39  Marine x2  
  26  2:42  SCV, Starport  
  29  2:52  Orbital Command  
  29  2:55  SCV  
  29  2:57  Marine x2  
  32  3:00  Widow Mine  
  34  3:08  SCV  
  35  3:16  Marine x2  
  35  3:18  SCV  
  38  3:20  SCV  
  38  3:21  Medivac, Supply Depot  
  38  3:24  Factory Tech Lab  
  41  3:30  SCV  
  41  3:32  SCV, Supply Depot  
  43  3:37  Marine  
  43  3:38  Marine  
  45  3:43  SCV  
  45  3:44  SCV  
  45  3:46  Siege Tank  
  49  3:55  SCV  
  50  3:56  SCV, Liberator  
  50  4:00  Supply Depot  
  50  4:01  Marine x2  
  56  4:07  SCV  
  56  4:08  SCV  
  58  4:16  Barracks  
  58  4:19  SCV, Marine x2  
  58  4:20  SCV  
  62  4:27  Siege Tank  
  64  4:31  SCV  
  64  4:32  SCV  
  64  4:36  Marine  
  66  4:41  Barracks, Engineering Bay  
  66  4:43  SCV, Supply Depot, Starport Tech Lab  
  66  4:44  SCV  
  68  4:46  Marine  
  69  4:54  Refinery  
  69  4:55  SCV  
  69  4:56  Supply Depot  
  70  5:04  SCV, Marine x2  
  73  5:07  SCV  
  73  5:09  Terran Infantry Weapons Level 1  
  73  5:11  Supply Depot  
  74  5:16  SCV  
  74  5:17  Starport Reactor  
  74  5:18  Stimpack  
  74  5:19  SCV, Marauder  
  77  5:27  Marine  
  73  5:29  SCV  
  73  5:31  SCV, Marine  
  72  5:40  Marauder  
  72  5:41  SCV  
  73  5:43  Factory Reactor, Command Center  
  73  5:44  SCV  
  74  5:50  Marauder, Marine  
  74  5:52  Marine  
  74  6:01  Refinery, Marauder  
  71  6:04  Supply Depot, Missile Turret  
  71  6:08  Marine  
  71  6:10  Marine  
  69  6:12  Marauder  
  69  6:13  Combat Shield, Barracks  
  69  6:15  Barracks  
  69  6:17  SCV x2  
  73  6:23  Marauder  
  73  6:24  Widow Mine x2  
  79  6:25  Marine  
  79  6:26  Medivac  
  79  6:29  Supply Depot  
  79  6:30  Supply Depot  
  79  6:32  Medivac  
  84  6:33  SCV, Marauder  
  84  6:37  SCV  
  88  6:44  Marauder  
  88  6:45  SCV  
  88  6:46  Marine  
  90  6:48  Widow Mine  
  90  6:51  Marine  
  93  6:55  Marauder  
  93  6:56  Medivac  
  93  6:58  Ghost Academy  
  93  6:59  SCV x2  
  99  7:02  Barracks Tech Lab x2  
  99  7:03  Marine  
  99  7:05  Marauder  
  99  7:06  Widow Mine  
  104  7:09  Widow Mine  
  104  7:11  SCV  
  104  7:18  Marine  
  104  7:19  Marauder  
  104  7:20  Supply Depot, Marine  
  104  7:21  Marauder  
  110  7:24  Orbital Command  
  110  7:28  Marauder  
  109  7:35  SCV  
  109  7:36  Marine  
  106  7:38  Marine  
  106  7:39  Marauder  
  106  7:40  Marauder  
  106  7:42  Marauder  
  108  7:45  Medivac  
  108  7:49  Marine  
  108  7:50  Refinery x2  
  107  7:52  SCV x2  
  107  7:53  Marine  
  107  7:54  SCV  
  107  7:55  Marine  
  107  7:57  Widow Mine  
  112  8:00  Marauder  
  112  8:02  Marauder  
  112  8:04  SCV x2, Marauder  
  112  8:06  SCV, Marine  
  112  8:11  Marine  
  115  8:13  Widow Mine, Marine  
  115  8:16  SCV  
  115  8:17  SCV  
  122  8:21  Marauder  
  122  8:22  SCV  
  122  8:23  Marauder  
  122  8:24  Supply Depot  
  122  8:25  Supply Depot  
  131  8:29  SCV x2  
  129  8:42  Command Center  
Show
View Real Time Build Order
Export as new Build Order

ShaDoWn Protoss 

Build Orders: 1 Gate Expand, Blink Stalkers 

Get SALT Encoding   

  12  0:00  Probe  
  13  0:12  Probe  
  14  0:18  Pylon  
  14  0:24  Probe  
  15  0:36  Gateway  
  15  0:38  Probe (Chrono Boost)  
  16  0:47  Assimilator, Probe (Chrono Boost)  
  17  0:52  Probe (Chrono Boost)  
  19  1:04  Probe  
  19  1:16  Probe  
  20  1:22  Cybernetics Core  
  20  1:32  Nexus  
  20  1:41  Pylon  
  20  1:43  Probe  
  21  1:48  Assimilator  
  21  1:55  Probe  
  21  1:57  Adept (Chrono Boost)  
  24  2:01  Warp Gate  
  24  2:07  Probe (Chrono Boost)  
  25  2:17  Probe (Chrono Boost)  
  25  2:22  Probe (Chrono Boost)  
  26  2:23  Twilight Council  
  26  2:29  Stalker  
  29  2:34  Probe  
  30  2:44  Probe  
  30  2:46  Probe  
  32  2:55  Blink (Chrono Boost)  
  32  2:56  Probe (Chrono Boost)  
  34  2:59  Probe (Chrono Boost), Gateway  
  34  3:09  Probe (Chrono Boost)  
  36  3:14  Robotics Facility  
  36  3:16  Probe (Chrono Boost)  
  36  3:17  Probe (Chrono Boost)  
  37  3:22  Probe (Chrono Boost)  
  37  3:23  Probe  
  39  3:34  Probe  
  39  3:35  Probe  
  41  3:42  Nexus  
  41  3:46  Pylon, Probe  
  42  3:55  Stalker x2  
  46  4:01  Observer  
  46  4:04  Pylon, Probe  
  46  4:05  Probe  
  49  4:17  Pylon, Probe  
  50  4:18  Stalker x2  
  50  4:22  Probe  
  50  4:23  Assimilator  
  55  4:25  Assimilator  
  55  4:29  Probe  
  53  4:35  Probe  
  54  4:42  Stalker x2  
  58  4:51  Probe  
  59  4:54  Probe  
  59  4:56  Probe  
  59  5:03  Immortal (Chrono Boost)  
  59  5:05  Stalker x2  
  67  5:09  Probe  
  67  5:10  Probe  
  67  5:12  Probe  
  70  5:24  Probe  
  64  5:29  Stalker x2  
  62  5:40  Probe  
  61  5:55  Stalker x2  
  58  5:58  Probe  
  60  6:10  Nexus  
  59  6:14  Observer, Robotics Bay, Probe  
  59  6:17  Probe  
  58  6:26  Forge, Probe  
  58  6:29  Sentry, Probe  
  58  6:32  Observer  
  62  6:34  Charge  
  62  6:38  Probe  
  64  6:41  Probe  
  64  6:46  Stalker  
  67  6:50  Probe  
  67  6:52  Stalker  
  62  6:57  Colossus (Chrono Boost)  
  68  7:04  Shield Battery  
  68  7:05  Shield Battery  
  68  7:09  Probe  
  68  7:11  Pylon  
  68  7:12  Pylon  
  67  7:19  Stalker  
  67  7:21  Stalker  
  71  7:23  Probe  
  71  7:29  Pylon  
  72  7:30  Pylon  
  66  7:40  Probe (Chrono Boost)  
  62  7:46  Stalker x2, Probe (Chrono Boost)  
  62  7:47  Probe (Chrono Boost)  
  68  7:56  Colossus (Chrono Boost), Gateway  
  68  7:58  Probe x2 (Chrono Boost)  
  77  8:01  Probe (Chrono Boost)  
  77  8:04  Probe (Chrono Boost)  
  74  8:08  Probe  
  74  8:11  Stalker x2  
  77  8:16  Probe x2  
  79  8:20  Probe, Gateway  
  79  8:22  Gateway  
  78  8:28  Probe x2  
  78  8:33  Probe  
  77  8:38  Zealot x2  
Tags
 
Add a new tag
Caveats
  • Supply blocks, unpowered buildings, or Contaminate may cause inaccurate times.
  • Supply counts are checked every 10 seconds.